 Dungeon Crawl Stone Soup version 0.28-a0-239-g68911e0c57 (webtiles) character file.

Game seed: 6378317958130867250

70 siradein the Slasher (level 4, -2/36 HPs)
             Began as a Demonspawn Chaos Knight on Aug 24, 2021.
             Was a Plaything of Xom.
             Slain by a gnoll (11 damage)
             ... on level 3 of the Dungeon.
             The game lasted 00:05:02 (1808 turns).

siradein the Slasher (Demonspawn Chaos Knight)      Turns: 1808, Time: 00:05:03

Health: -2/36      AC:  7    Str: 13    XL:     4   Next: 4%
Magic:  4/4        EV: 11    Int: 14    God:    Xom [....*.]
Gold:   59         SH:  0    Dex: 12    Spells: 3/3 levels left

rFire   . . .      SeeInvis +   a - +0 falchion (chaos)
rCold   . . .      Faith    .   (no shield)
rNeg    . . .      Spirit   .   b - +2 leather armour
rPois   .          Reflect  .   (no helmet)
rElec   .          Harm     .   (no cloak)
rCorr   .          Rampage  .   (no gloves)
Will    .....      Rnd*Rage +   c - +0 pair of boots
Stlth   +.........              (no amulet)
HPRegen 0.12/turn               g - ring of see invisible
MPRegen 0.09/turn               (no ring)

@: hasted, very quick
A: rugged brown scales 1, powered by pain 1, berserk 2, wild magic 1, MP-powered
wands
a: Renounce Religion


You were on level 3 of the Dungeon.
You worshipped Xom.
You were a beloved toy of Xom.
You visited 1 branch of the dungeon, and saw 3 of its levels.

You collected 59 gold pieces.

Inventory:

Hand Weapons
 a - a +0 falchion of chaos (weapon)
Armour
 b - a +2 leather armour (worn)
 c - a +0 pair of boots (worn)
Jewellery
 g - a ring of see invisible (left hand)
 k - an amulet of magic regeneration
Scrolls
 e - 2 scrolls of teleportation
Potions
 d - a potion of curing


   Skills:
 - Level 3.0 Fighting
 + Level 4.5 Long Blades
 - Level 1.7 Armour
 - Level 0.8 Dodging


You had 3 spell levels left.
You didn't know any spells.
Your spell library contained the following spells:

 Spells                   Type           Power      Damage    Failure   Level
 Summon Small Mammal      Summ           0%         N/A       45%         1
 Call Canine Familiar     Summ           0%         N/A       80%         3
 Ozocubu's Armour         Ice            0%         N/A       80%         3
 Portal Projectile        Hex/Tloc       0%         N/A       80%         3
 Summon Guardian Golem    Hex/Summ       0%         N/A       80%         3
 Leda's Liquefaction      Hex/Erth       0%         N/A       99%         4
 Ozocubu's Refrigeration  Ice            0%         4d5       100%        7


Dungeon Overview and Level Annotations

Branches:
Dungeon (3/15)

Altars:


Innate Abilities, Weirdness & Mutations

You are partially covered in rugged brown scales. (AC +1, +3% HP)
You sometimes gain a little power by taking damage.
You often lose your temper in combat.
Your spells are a little harder to cast, but a little more powerful.
You expend magic power (3 MP) to strengthen your wands.


Message History

You feel less in control of your magic. The adder closely misses you.
The adder bites you but does no damage.
It was a potion of haste.
You feel yourself speed up. The adder misses you.
You riposte.
You hit the adder. Lightning courses through the adder!
You kill the adder!
You hit the bat.
The bat is severely wounded.
The bat barely misses you.
You closely miss the bat.
The bat is severely wounded.
The bat barely misses you.
You riposte.
You miss the bat.
The bat is severely wounded.
You hit the bat but do no damage.
The bat is severely wounded.
The bat hits you but does no damage. The bat closely misses you.
You riposte.
You slash the bat! You burn the bat.
You kill the bat!
You have reached level 4!
You feel clever. The orc closely misses you.
The gnoll hits you from afar with a +0 halberd.
Things that are here:
a bat corpse; an adder corpse You hit the orc.
The orc is almost dead.
The orc misses you. The gnoll hits you but does no damage.
You hit the orc but do no damage.
The orc is almost dead.
The orc closely misses you. The gnoll barely misses you.
You hit the orc. Lightning courses through the orc!
You kill the orc!
The gnoll hits you with a +0 halberd.
* * * LOW HITPOINT WARNING * * *
Things that are here:
a +0 hand axe; a +0 leather armour; an orc corpse You hit the gnoll but do no damage.
You hit the gnoll.
The gnoll is lightly wounded.
The gnoll hits you with a +0 halberd!
You die...

.....#g.............###
#........#.........
....$###...##.......#
.#. #./............#
#.##.##........#
#....##........#
#.#####....†...#
####.#####.###.####
#...g@†..........#
#########.#.####.#
#.#.####.## ##........#
#..##.#..###
#........... ##.......#
#.#...#.# #.......#


You could see a gnoll.

Vanquished Creatures
  2 adders
  2 worms (D:2)
  An orc (D:3)
  A ball python (D:1)
  5 endoplasms
  3 giant cockroaches
  4 goblins
  4 hobgoblins
  A quokka (D:2)
  5 bats
  5 frilled lizards
  7 kobolds
  3 rats
43 creatures vanquished.

Vanquished Creatures (others)
  2 plants (D:2)
2 creatures vanquished.

Grand Total: 45 creatures vanquished

Notes
Turn   | Place    | Note
-------+----------+-------------------------------------------
     0 | D:1      | siradein the Demonspawn Chaos Knight began the quest for
                  | the Orb.
     0 | D:1      | Reached XP level 1. HP: 18/18 MP: 1/1
    23 | D:1      | Reached skill level 3 in Long Blades
   210 | D:1      | Gained mutation: You are partially covered in rugged brown
                  | scales. (AC +1, +3% HP) [demonic ancestry]
   210 | D:1      | Reached XP level 2. HP: 18/24 MP: 2/2
   939 | D:2      | XOM: silly message
   979 | D:2      | XOM: divination: magic mapping
  1019 | D:2      | Gained mutation: You sometimes gain a little power by
                  | taking damage. [demonic ancestry]
  1019 | D:2      | Reached XP level 3. HP: 29/29 MP: 3/3
  1035 | D:2      | Reached skill level 4 in Long Blades
  1335 | D:2      | XOM: noise
  1341 | D:2      | XOM: 1-stop teleportation journey
  1709 | D:3      | XOM: 2-stop teleportation journey
  1797 | D:3      | Gained mutation: You tend to lose your temper in combat.
                  | [potion of mutation]
  1797 | D:3      | Gained mutation: You often lose your temper in combat.
                  | [potion of mutation]
  1797 | D:3      | Gained mutation: You expend magic power (3 MP) to
                  | strengthen your wands. [potion of mutation]
  1797 | D:3      | Gained mutation: Your spells are a little harder to cast,
                  | but a little more powerful. [potion of mutation]
  1802 | D:3      | Reached XP level 4. HP: 16/36 MP: 4/4
  1808 | D:3      | Slain by a gnoll

Illustrated notes

Levels and vault maps discovered:
D:1:      dpeg_arrival_solitude, layout_basic
D:2:      cheibrodos_old_hovel, layout_loops_cross, kennysheep_generic_room_4
D:3:      layout_loops_cross, grunt_dithmenos_smoke, grunt_gozag_breadcrumbs,
          marbit_many_paths, st_stairs_2, nrook_mini_backslash,
          grunt_decor_resistance, feat_on_display

Skill      XL: |  1  2  3 |
---------------+----------+-----
Long Blades    | 3 4 |  4.5
Fighting       | |  3.0
Armour         | |  1.7
Dodging        | |  0.8

Action                   |  1- 3 |  4- 6 || total
-------------------------+-------+-------++-------
Melee: Falchion          |   111 |     5 ||   116
  Use: Scroll            |     4 |       ||     4
       Potion            |     4 |       ||     4
Armor: Leather armour    |    55 |     1 ||    56
Dodge: Dodged            |    69 |     4 ||    73
       Rpst.: Falchion   |    23 |       ||    23

Table legend: (Time is in decaauts)
 A = Elapsed time spent in this place.
 B = Non-inter-level travel time spent in this place.
 C = Inter-level travel time spent in this place.
 D = Time resting spent in this place.
 E = Time spent auto-exploring this place.
 F = Levels seen in this place.
 G = Mean time per level.
                   A        B        C        D        E       F      G
               +--------+--------+--------+--------+--------+-----+--------+
         Total |   1818 |   1785 |     33 |      0 |   1462 |   3 |  606.0 |
       Dungeon |   1818 |   1785 |     33 |      0 |   1462 |   3 |  606.0 |
               +--------+--------+--------+--------+--------+-----+--------+

Top non-repeatable levels by time:
     D:1: 867 daAuts
     D:2: 827 daAuts
     D:3: 123 daAuts
